 Dungeon Crawl Stone Soup version 0.27.1-35-g4d5d836560 (console) character file.

Game seed: 2014126145326359313

28 grimtooth the Skirmisher (level 3, -6/29 HPs)
             Began as a Demonspawn Abyssal Knight on May 28, 2022.
             Was a Follower of Lugonu.
             Killed by nerve-wracking pain
             ... invoked by Jessica
              (10 damage)
             ... on level 2 of the Dungeon.
             The game lasted 00:05:37 (1608 turns).

grimtooth the Skirmisher (DsAK)                     Turns: 1608, Time: 00:05:38

Health: -6/29      AC:  5    Str: 12    XL:     3   Next: 0%
Magic:  4/4        EV: 10    Int: 14    God:    Lugonu [*.....]
Gold:   72         SH:  4    Dex: 12    Spells: 2/2 levels left

rFire    . . .     SeeInvis .   a - +1 mace
rCold    . . .     Faith    .   (no shield)
rNeg     . . .     Spirit   .   k - +0 ring mail
rPois    .         Reflect  .   (no helmet)
rElec    .         Harm     .   (no cloak)
rCorr    .         Rampage  .   (no gloves)
Will     .....                  (no boots)
Stlth    +.........             (no amulet)
HPRegen  1.09/turn              (no ring)
MPRegen  0.09/turn              (no ring)

@: no status effects
A: large bone plates 1, powered by death 1
a: Renounce Religion, Depart the Abyss


You were on level 2 of the Dungeon.
You worshipped Lugonu.
Lugonu was aware of your devotion.
You visited 1 branch of the dungeon, and saw 2 of its levels.
You visited the Abyss 1 time.

You collected 72 gold pieces.

Inventory:

Hand Weapons
 a - a +1 mace (weapon)
Missiles
 c - 60 sling bullets
 d - 75 stones (quivered)
 n - 4 boomerangs
Armour
 b - a +0 leather armour
 i - a scarf of harm
 j - a +0 buckler
 k - a +0 ring mail (worn)
Scrolls
 e - a scroll of noise {unknown}
 h - 3 scrolls of identify {unknown}
 l - a scroll of teleportation {unknown}
 m - a scroll of enchant armour {unknown}
Potions
 f - a potion of attraction {unknown}
 g - 3 potions of heal wounds {unknown}
 o - 2 potions of brilliance {unknown}


   Skills:
 + Level 3.4 Fighting
 * Level 2.8 Maces & Flails
 - Level 1.7 Armour
 - Level 0.8 Dodging
 - Level 2.4 Invocations


You had 2 spell levels left.
You didn't know any spells.
Your spell library was empty.

Dungeon Overview and Level Annotations

Branches:
Dungeon (2/15)

Altars:

Annotations:
D:2 Jessica


Innate Abilities, Weirdness & Mutations

You are partially covered in large bone plates. (SH +4)
You regenerate a little health from kills.


Message History

d - 75 stones (gained 1)
Found 11 gold pieces.
You now have 72 gold pieces (gained 11).
Found a scroll labelled XIUJEPHELA.
A rat and Jessica come into view.
Jessica shouts!
You closely miss Jessica. Jessica hits you with a +0 club.
You hit Jessica.
Jessica is heavily wounded.
Jessica casts a spell.
Jessica seems to speed up.
You completely miss Jessica.
Jessica is heavily wounded.
Jessica hits you with a +0 club. x2; The rat misses you.
You closely miss Jessica.
Jessica is heavily wounded.
Jessica gestures at you while chanting. Pain shoots through your body!
The rat barely misses you. Jessica hits you with a +0 club.
You hit Jessica but do no damage.
Jessica is heavily wounded.
Jessica hits you but does no damage. The rat closely misses you.
Jessica hits you but does no damage.
You hit Jessica.
Jessica is almost dead.
The rat bites you.
Jessica gestures wildly while chanting.
Jessica blinks!
You block the rat's attack.
Jessica mumbles something strange.
You closely miss the rat. Jessica casts a spell at you.
Pain shoots through your body!
* * * LOW HITPOINT WARNING * * *
You block the rat's attack.
You sock the rat!
You kill the rat!
Lugonu accepts your kill. Jessica casts a spell at you.
Pain shoots through your body!
You die...

#.......# #......#
....### #.#.......
......#####
........
.................r.
..........###...@.
.###.....## #?...
.###.....# #...
...##########..#
##..........##.###
##.........#...@#
#.........#..†@#
#.........#....#
###.........#....#
.................#
#############....#
# #....# #....#
#....# ######


You could see Jessica (fast).

Vanquished Creatures
  A dart slug (D:1)
  2 endoplasms
  4 goblins (D:1)
  A hobgoblin (D:2)
  8 jackals (D:1)
  A quokka (D:1)
  A ball python (D:1)
  3 kobolds
  2 rats
23 creatures vanquished.

Notes
Turn   | Place    | Note
-------+----------+-------------------------------------------
     0 | Abyss:1  | grimtooth the Demonspawn Abyssal Knight began the quest for
                  | the Orb.
     0 | Abyss:1  | Reached XP level 1. HP: 18/18 MP: 2/2
    89 | Abyss:1  | Noticed a thrashing horror
    91 | D:1      | Escaped the Abyss
   557 | D:1      | Found a faded altar of an unknown god.
   561 | D:1      | Gained mutation: You are partially covered in large bone
                  | plates. (SH +4) [demonic ancestry]
   561 | D:1      | Reached XP level 2. HP: 24/24 MP: 3/3
  1552 | D:2      | Gained mutation: You regenerate a little health from kills.
                  | [demonic ancestry]
  1552 | D:2      | Reached XP level 3. HP: 23/29 MP: 4/4
  1596 | D:2      | Noticed Jessica
  1608 | D:2      | Killed from afar by Jessica

Illustrated notes

Levels and vault maps discovered:
D:1:      dpeg_arrival_castle, layout_basic,
          shapermc_ecumenical_altar_mp_ritualfount
D:2:      layout_rooms, uniq_jessica

Skill      XL: |  1 |
---------------+----+-----
Maces & Flails | 2 |  2.8
Fighting       | |  3.4
Armour         | |  1.7
Dodging        | |  0.8
Invocations    | |  2.4

Action                   || total
-------------------------++-------
Melee: Mace              ||    76
Throw: Stone             ||    33
 Stab: Sleeping          ||     1
Armor: Leather armour    ||     8
       Ring mail         ||    35
Dodge: Dodged            ||    45
Block: Other             ||    14
